 Dungeon Crawl Stone Soup version 0.31.0-11-ge490571c62 (webtiles) character file.

Game seed: 670890911561599996

28 Skitler the Covert (level 3, -1/35 HPs)
             Began as a Gnoll Delver on Feb 3, 2024.
             Slain by a gnoll
             ... wielding a +2 heavy spear
             ... led by a gnoll bouda
              (4 damage)
             ... on level 4 of the Dungeon.
             The game lasted 00:00:23 (47 turns).

Skitler the Covert (Gnoll Delver)                     Turns: 47, Time: 00:00:23

Health: -1/35      AC:  3    Str: 13    XL:     3   Next: 12%
Magic:  1/4        EV: 13    Int:  9    God:
Gold:   0          SH:  0    Dex: 13    Spells: 3/3 levels left

rFire   + . .        a - +0 hand axe
rCold   + . .        (no shield)
rNeg    . . .        b - +0 leather armour
rPois   +            (no helmet)
rElec   +            (no cloak)
rCorr   +            (no gloves)
SInv    .            (no boots)
Will    .....        (no amulet)
Stlth   ++++         (no ring)
HPRegen 0.25/turn    (no ring)
MPRegen 0.09/turn

%: no passive effects
@: resistant, hasted, very quick
A: fangs 1, strong nose, distributed training
a: no special abilities


You were on level 4 of the Dungeon.
You visited 1 branch of the dungeon, and saw 2 of its levels.

Inventory:

Hand Weapons
 a - a +0 hand axe (weapon)
Armour
 b - a +0 leather armour (worn)
Wands
 g - a wand of digging (3)
 i - a wand of acid (5)
Scrolls
 c - a scroll of fog
 d - a scroll of revelation
 e - a scroll of fear


   Skills:
 + Level 6.5 Fighting
 + Level 0.7 Short Blades
 + Level 0.7 Long Blades
 + Level 4.5 Axes
 + Level 0.7 Maces & Flails
 + Level 0.7 Polearms
 + Level 0.7 Staves
 + Level 0.7 Ranged Weapons
 + Level 0.7 Throwing
 + Level 0.7 Armour
 + Level 4.5 Dodging
 + Level 9.5 Stealth
 + Level 0.7 Shields
 + Level 0.7 Unarmed Combat
 + Level 0.7 Spellcasting
 + Level 0.5 Conjurations
 + Level 0.5 Hexes
 + Level 0.5 Summonings
 + Level 0.5 Necromancy
 + Level 0.5 Translocations
 + Level 0.5 Fire Magic
 + Level 0.5 Ice Magic
 + Level 0.5 Air Magic
 + Level 0.5 Earth Magic
 + Level 0.5 Alchemy
 + Level 0.9 Invocations
 + Level 0.7 Evocations
 + Level 0.6 Shapeshifting


You had 3 spell levels left.
You didn't know any spells.
Your spell library was empty.

Dungeon Overview and Level Annotations

Branches:
Dungeon (5/15)
 Temple: D:4-7

Altars:
Yredelemnul


Innate Abilities, Weirdness & Mutations

You have very sharp teeth.
Your uncanny sense of smell can sniff out nearby items.
Your experience applies equally to all skills.


Message History

You closely miss the hound. The hound bites you but does no damage.
A gnoll bouda comes into view. It is wielding a +0 club.
A ball python comes into view.
The hound stops to sniff the ground.
The hound misses you.
You closely miss the hound. You miss the adder. The adder barely misses you.
The gnoll bouda barks out a call to the hunt!
The gnolls pick up the pace!
Unknown command.
You closely miss the hound. You closely miss the adder.
The hound bites you but does no damage. The adder closely misses you.
The hound bites you.
The kobold throws a stone.
The stone barely misses you.
The stone hits the adder.
You barely miss the hound. You hit the adder. The adder bites you.
The hound bites you.
* * * LOW HITPOINT WARNING * * *
Unknown command.
You hit the adder.
The adder is almost dead.
You hit the hound. The adder bites you.
* * * LOW HITPOINT WARNING * * *
The kobold throws a stone.
The stone hits you.
* * * LOW HITPOINT WARNING * * *
The hound barely misses you.
You closely miss the adder.
The adder is almost dead.
You closely miss the hound. The adder closely misses you.
The hound closely misses you.
You closely miss the adder.
The adder is almost dead.
You barely miss the kobold. You closely miss the hound. The adder bites you.
* * * LOW HITPOINT WARNING * * *
The hound barely misses you.
A gnoll comes into view. It is wielding a +0 halberd.
Unknown command.
It was a potion of resistance.
You feel protected. The kobold barely misses you.
The gnoll hits you from afar with a +2 heavy spear.
You die...

...#
...### ##
∆.#... .
#.... ∆
.#...#∆
##.g.###g.


#gKhg..gg. #.@# ∆ ∆ #S## ... ∆ ∆ ..... ####.. ### ∆ You could see a gnoll bouda,
a hound, 4 gnolls, an adder, a goblin and a kobold.

Vanquished Creatures
  A jelly (D:4)
1 creature vanquished.

Notes
Turn   | Place    | Note
-------+----------+-------------------------------------------
     0 | D:5      | Reached skill level 9 in Stealth
     0 | D:5      | Skitler the Gnoll Delver began the quest for the Orb.
     0 | D:5      | Reached XP level 1. HP: 23/23 MP: 1/1
     0 | D:5      | Found a basalt altar of Yredelemnul.
     5 | D:5      | Noticed an ice beast
    34 | D:4      | Noticed a hound
    34 | D:4      | Noticed a jelly
    37 | D:4      | Noticed a phantom
    39 | D:4      | Killed a jelly
    40 | D:4      | Reached XP level 2. HP: 16/29 MP: 1/3
    40 | D:4      | Reached XP level 3. HP: 19/35 MP: 1/4
    47 | D:4      | Slain by a gnoll

Illustrated notes

Levels and vault maps discovered:
D:4:      layout_rooms, mainiacjoe_overflow_big_doors,
          okawaru_ov_weapons_minmay, kennysheep_vampire_church, serial_shops,
          shop_fountains
D:5:      cheibrodos_fzero, layout_rooms,
          mainiacjoe_overflow_concentric_impassable,
          nzn_overflow_gifts_of_might_and_magic, serial_shops, shop

Skill      XL: | |
---------------+-+-----
Stealth        | |  9.5
Fighting       | |  6.5
Short Blades   | |  0.7
Long Blades    | |  0.7
Axes           | |  4.5
Maces & Flails | |  0.7
Polearms       | |  0.7
Staves         | |  0.7
Ranged Weapons | |  0.7
Throwing       | |  0.7
Armour         | |  0.7
Dodging        | |  4.5
Shields        | |  0.7
Unarmed Combat | |  0.7
Spellcasting   | |  0.7
Conjurations   | |  0.5
Hexes          | |  0.5
Summonings     | |  0.5
Necromancy     | |  0.5
Translocations | |  0.5
Fire Magic     | |  0.5
Ice Magic      | |  0.5
Air Magic      | |  0.5
Earth Magic    | |  0.5
Alchemy        | |  0.5
Invocations    | |  0.9
Evocations     | |  0.7
Shapeshifting  | |  0.6

Action                     || total
---------------------------++-------
  Melee: Hand axe          ||    11
         Bite              ||     1
    Use: Potion            ||     2
 Armour: Leather armour    ||    13
  Dodge: Dodged            ||    10
